[Event "Biel Master Tournament 2019"]
[Site "Biel"]
[Date "2019.07.23"]
[Round "2.15"]
[White "Lalith Babu M R"]
[Black "Karavade, Eesha"]
[Result "1/2-1/2"]
[ECO "A13"]
[WhiteElo "2580"]
[BlackElo "2355"]
[Annotator "ChessBase"]
[PlyCount "74"]
[EventDate "2019.07.20"]
[EventType "swiss"]
[EventCountry "SUI"]
[TimeControl "40/5400+30:1800+30"]

1. c4 Nf6 2. Nf3 e6 3. g3 d5 4. Bg2 dxc4 5. O-O Nbd7 6. Qc2 a6 7. a4 Rb8 8. Qxc4 b5 9. Qc2 Bb7 10. d3 Be7 11. Bd2 c5 12. axb5 axb5 13. Nc3 Qb6 14. Bf4 Rc8 15. Qb3 Bc6 16. Nd2 Bxg2 17. Kxg2 Qc6+ 18. e4 e5 19. Bg5 c4 20. Qxb5 Qxb5 21. Nxb5 cxd3 22. Ra7 Bc5 23. Bxf6 Nxf6 24. Rc1 O-O 25. Rb7 h6 26. Rc4 Rfd8 27. h3 Bf8 28. Rxc8 Rxc8 29. Nc3 Bc5 30. Kf3 Bd4 31. Rb3 Nd7 32. Na4 Ra8 33. Rb4 Nf8 34. h4 h5 35. Nb6 Rb8 36. Nd5 Rxb4 37. Nxb4 Bxb2 1/2-1/2

[Event "Biel Master Tournament 2019"]
[Site "Biel"]
[Date "2019.07.23"]
[Round "2.16"]
[White "Sachdev, Tania"]
[Black "Moussard, Jules"]
[Result "0-1"]
[ECO "A87"]
[WhiteElo "2350"]
[BlackElo "2576"]
[Annotator "ChessBase"]
[PlyCount "50"]
[EventDate "2019.07.20"]
[EventType "swiss"]
[EventCountry "SUI"]
[SourceTitle "playchess.com"]
[Source "ChessBase"]
[SourceQuality "1"]
[TimeControl "40/5400+30:1800+30"]

1. d4 f5 2. g3 Nf6 3. Bg2 g6 4. c4 Bg7 5. Nf3 O-O 6. O-O d6 7. b3 e5 8. dxe5 dxe5 9. Bb2 e4 10. Ng5 Qe7 11. Nc3 Rd8 12. Qc1 Nc6 13. Nh3 Nd4 14. Rd1 Be6 15. Nf4 c6 16. Ba3 Qf7 17. Bc5 Ne8 18. f3 g5 19. Nh3 h6 20. Nf2 e3 21. Nd3 f4 22. Ba3 Bf5 23. Bf1 Qg6 24. Kg2 Nxf3 25. exf3 Bxd3 0-1

[Event "Biel Master Tournament 2019"]
[Site "Biel"]
[Date "2019.07.23"]
[Round "2.17"]
[White "Brkic, Ante"]
[Black "Loeffler, Markus"]
[Result "1-0"]
[ECO "B51"]
[WhiteElo "2573"]
[BlackElo "2339"]
[Annotator "HL"]
[PlyCount "87"]
[EventDate "2019.07.20"]
[EventType "swiss"]
[EventCountry "SUI"]
[TimeControl "40/5400+30:1800+30"]

1. e4 c5 2. Nf3 d6 3. Bb5+ Nd7 4. a4 a6 5. Be2 Ngf6 6. Nc3 e5 7. Bc4 Be7 8. d3 O-O 9. O-O b6 10. Nh4 g6 11. Bh6 Re8 12. f4 exf4 13. Bxf4 Ne5 14. Bxe5 dxe5 15. Nf3 Bf8 16. Ng5 Ra7 17. Qf3 Kg7 18. Rf2 h6 19. Raf1 hxg5 20. Qxf6+ Qxf6 21. Rxf6 Be6 22. h3 Bd6 23. Kh2 Ree7 24. Kg3 Bc7 25. Bxe6 fxe6 26. Rf8 Rd7 27. Re8 Rf7 28. Rxf7+ Kxf7 29. Rc8 Ke7 30. Rh8 Kf6 31. Rh7 Bb8 32. Rxa7 Bxa7 33. Kg4 Bb8 34. Nb1 b5 35. axb5 axb5 36. Na3 b4 37. Nc4 Bc7 38. Nd2 Ba5 39. Nf3 b3 40. c3 c4 41. dxc4 Bb6 42. Nd2 Be3 43. Nxb3 Ke7 44. Kf3 1-0

[Event "Biel Master Tournament 2019"]
[Site "Biel"]
[Date "2019.07.23"]
[Round "2.18"]
[White "Akash, Ganesan"]
[Black "Santos Ruiz, Miguel"]
[Result "0-1"]
[ECO "B90"]
[WhiteElo "2394"]
[BlackElo "2567"]
[Annotator "ChessBase"]
[PlyCount "100"]
[EventDate "2019.07.20"]
[EventType "swiss"]
[EventCountry "SUI"]
[SourceTitle "playchess.com"]
[Source "ChessBase"]
[SourceQuality "1"]
[TimeControl "40/5400+30:1800+30"]

1. e4 c5 2. Nf3 d6 3. d4 cxd4 4. Nxd4 Nf6 5. Nc3 a6 6. h3 b5 7. Nd5 e6 8. Nxf6+ Qxf6 9. g3 Bb7 10. Bg2 Qd8 11. O-O Be7 12. a4 bxa4 13. Rxa4 O-O 14. Qe2 Nd7 15. Nb3 a5 16. Rd1 Qc7 17. Qc4 Rfc8 18. Qxc7 Rxc7 19. Bd2 Rxc2 20. Bc3 Nc5 21. Nxc5 dxc5 22. e5 Bxg2 23. Kxg2 Kf8 24. Rd7 Rc1 25. Rb7 Ke8 26. g4 Rd1 27. Rxa5 Rxa5 28. Bxa5 Bd8 29. Rb8 Ke7 30. Bc3 g6 31. Rb5 Rd5 32. Kf3 Bc7 33. Rb7 Kd8 34. Ra7 Kc8 35. Ke4 Rd1 36. Ra8+ Bb8 37. Ra5 Rh1 38. Rxc5+ Kd7 39. Rb5 Bc7 40. Bd2 Rxh3 41. Be3 Rh4 42. f3 h5 43. Bg5 Rh1 44. gxh5 Re1+ 45. Be3 gxh5 46. Kd3 h4 47. Rb4 Rh1 48. Rd4+ Ke8 49. f4 h3 50. Ke4 Re1 0-1

[Event "Biel Master Tournament 2019"]
[Site "Biel"]
[Date "2019.07.23"]
[Round "2.19"]
[White "Aryan, Chopra"]
[Black "Wong, Jianwen"]
[Result "1/2-1/2"]
[ECO "B33"]
[WhiteElo "2553"]
[BlackElo "2301"]
[Annotator "ChessBase"]
[PlyCount "123"]
[EventDate "2019.07.20"]
[EventType "swiss"]
[EventCountry "SUI"]
[SourceTitle "playchess.com"]
[Source "ChessBase"]
[SourceQuality "1"]
[TimeControl "40/5400+30:1800+30"]

1. e4 c5 2. Nf3 Nc6 3. d4 cxd4 4. Nxd4 Nf6 5. Nc3 e5 6. Ndb5 d6 7. Bg5 a6 8. Na3 b5 9. Bxf6 gxf6 10. Nd5 Bg7 11. Bd3 Ne7 12. Nxe7 Qxe7 13. c4 f5 14. O-O O-O 15. Qf3 Qb7 16. exf5 Qxf3 17. gxf3 e4 18. Bxe4 d5 19. Bxd5 Bxf5 20. Bxa8 Rxa8 21. Rae1 Bd3 22. b3 Bf8 23. c5 Rc8 24. b4 a5 25. Rc1 axb4 26. Rfd1 Bh6 27. Rxd3 Bxc1 28. Nc2 Rxc5 29. Nxb4 Rc4 30. Rb3 Ba3 31. Nd5 b4 32. Re3 Rc2 33. Re8+ Kg7 34. Ra8 Rd2 35. Ra5 Kf8 36. Ra8+ Kg7 37. Ra5 Kf8 38. Rb5 Kg7 39. f4 Rxa2 40. Nxb4 Bxb4 41. Rxb4 Kg6 42. Kg2 Ra3 43. f3 Ra2+ 44. Kg3 Ra1 45. Rb6+ f6 46. Rb7 h6 47. Rb5 f5 48. Rb6+ Kg7 49. h4 h5 50. Kf2 Ra3 51. Rb1 Kf6 52. Rb6+ Kg7 53. Ke2 Rc3 54. Rd6 Ra3 55. Rd3 Ra1 56. Rd7+ Kg6 57. Rd6+ Kg7 58. Ke3 Ra4 59. Rd4 Ra3+ 60. Rd3 Ra4 61. Rd4 Ra3+ 62. Rd3 1/2-1/2

[Event "Biel Master Tournament 2019"]
[Site "Biel"]
[Date "2019.07.23"]
[Round "2.20"]
[White "Omar, Noaman"]
[Black "Puranik, Abhimanyu"]
[Result "0-1"]
[ECO "D85"]
[WhiteElo "2369"]
[BlackElo "2550"]
[Annotator "ChessBase"]
[PlyCount "146"]
[EventDate "2019.07.20"]
[EventType "swiss"]
[EventCountry "SUI"]
[SourceTitle "playchess.com"]
[Source "ChessBase"]
[SourceQuality "1"]
[TimeControl "40/5400+30:1800+30"]

1. d4 Nf6 2. c4 g6 3. Nc3 d5 4. cxd5 Nxd5 5. e4 Nxc3 6. bxc3 Bg7 7. Qa4+ Nd7 8. Nf3 c5 9. Be2 O-O 10. O-O Nf6 11. d5 e6 12. Bg5 Qe8 13. Qxe8 Rxe8 14. Bxf6 Bxf6 15. e5 Bg7 16. d6 Rd8 17. a4 b6 18. a5 Bb7 19. axb6 axb6 20. Rab1 Ra3 21. Rxb6 Bxf3 22. Bxf3 Rxc3 23. Rd1 Bxe5 24. h4 h5 25. Be2 Kf8 26. Kf1 Rc2 27. Rc6 Rc3 28. g3 Kg7 29. Rd2 Kf6 30. Kg2 Bd4 31. Ra2 Ke5 32. Bf3 Rb3 33. Re2+ Kf6 34. Ra2 Rbb8 35. Be2 Rd7 36. Ra3 Rb2 37. Rf3+ Ke5 38. Kf1 Ra7 39. Bc4 Rc2 40. Bb3 Rb2 41. Bc4 Rb4 42. Bb3 Rbb7 43. Rd3 Rd7 44. Rd2 Ra8 45. Ra2 Rad8 46. Raa6 Rb7 47. Bc4 Rb1+ 48. Kg2 Rb2 49. Ra2 Rb4 50. Re2+ Kf6 51. Rc2 Ra4 52. Ba6 g5 53. hxg5+ Kxg5 54. Bb5 Rb4 55. R6xc5+ Bxc5 56. Rxc5+ Kf6 57. d7 h4 58. gxh4 Rxh4 59. Rc7 Ke7 60. Ra7 Rb4 61. Bc6 Rb2 62. Kf3 Kd6 63. Ba4 Ra2 64. Kg3 Ra3+ 65. f3 e5 66. Ra6+ Kc7 67. Rc6+ Kxd7 68. Rc4+ Ke7 69. Bc2 Rd4 70. Rc5 Kd6 71. Rc8 e4 72. Rd8+ Kc5 73. Rc8+ Kb6 0-1

[Event "Biel Master Tournament 2019"]
[Site "Biel"]
[Date "2019.07.24"]
[Round "3.9"]
[White "Stany, G.A."]
[Black "Gopal G.N."]
[Result "1/2-1/2"]
[ECO "B90"]
[WhiteElo "2525"]
[BlackElo "2594"]
[Annotator "ChessBase"]
[PlyCount "80"]
[EventDate "2019.07.20"]
[EventType "swiss"]
[EventCountry "SUI"]
[SourceTitle "playchess.com"]
[Source "ChessBase"]
[SourceQuality "1"]
[TimeControl "40/5400+30:1800+30"]

1. e4 c5 2. Nf3 d6 3. d4 cxd4 4. Nxd4 Nf6 5. Nc3 a6 6. Bd3 e5 7. Nde2 Be7 8. O-O Be6 9. f4 exf4 10. Nxf4 Nc6 11. Nxe6 fxe6 12. Bc4 Qd7 13. Bf4 b5 14. Bb3 Na5 15. Bg5 Nxb3 16. axb3 b4 17. Na4 O-O 18. Nb6 Qb5 19. Be3 Rab8 20. Nc4 d5 21. Ra5 Qb7 22. exd5 exd5 23. Nd2 Bd8 24. Ra1 Bb6 25. Bxb6 Qxb6+ 26. Kh1 Qd4 27. Nf3 Qxb2 28. Rxa6 Rbc8 29. Ne1 Qc3 30. Rf3 Qe5 31. Nd3 Qc3 32. h3 h6 33. Ne1 Qc5 34. Nd3 Qxc2 35. Qxc2 Rxc2 36. Nxb4 Rb2 37. Rd6 Rb8 38. Nxd5 Nxd5 39. Rxd5 R2xb3 40. Rxb3 Rxb3 1/2-1/2

[Event "Biel Master Tournament 2019"]
[Site "Biel"]
[Date "2019.07.24"]
[Round "3.10"]
[White "Keymer, Vincent"]
[Black "Petrosyan, Manuel"]
[Result "1/2-1/2"]
[ECO "D38"]
[WhiteElo "2513"]
[BlackElo "2592"]
[Annotator "ChessBase"]
[PlyCount "56"]
[EventDate "2019.07.20"]
[EventType "swiss"]
[EventCountry "SUI"]
[SourceTitle "playchess.com"]
[Source "ChessBase"]
[SourceQuality "1"]
[TimeControl "40/5400+30:1800+30"]

1. d4 Nf6 2. c4 e6 3. Nf3 d5 4. Nc3 Bb4 5. cxd5 exd5 6. Bg5 h6 7. Bh4 Bf5 8. e3 Nbd7 9. Be2 c6 10. O-O Bd6 11. Bg3 Bxg3 12. hxg3 a5 13. Nh4 Bh7 14. g4 O-O 15. g3 Ne8 16. Ng2 Nd6 17. Nf4 Qe7 18. Kg2 f5 19. gxf5 Bxf5 20. Bd3 Qf7 21. Bxf5 Qxf5 22. Qd3 Qf6 23. Qg6 Qxg6 24. Nxg6 Rfe8 25. a4 Kf7 26. Nf4 g5 27. Nd3 h5 28. Rae1 Kg7 1/2-1/2

[Event "Biel Master Tournament 2019"]
[Site "Biel"]
[Date "2019.07.24"]
[Round "3.12"]
[White "Iturrizaga Bonelli, Eduardo"]
[Black "Sadhwani, Raunak"]
[Result "1/2-1/2"]
[ECO "A29"]
[WhiteElo "2625"]
[BlackElo "2477"]
[Annotator "RC"]
[PlyCount "123"]
[EventDate "2019.07.20"]
[EventType "swiss"]
[EventCountry "SUI"]
[SourceTitle "playchess.com"]
[Source "ChessBase"]
[SourceQuality "1"]
[TimeControl "40/5400+30:1800+30"]

1. c4 e5 2. Nc3 Nf6 3. Nf3 Nc6 4. g3 d5 5. cxd5 Nxd5 6. Bg2 Bc5 7. O-O O-O 8. Nxd5 Qxd5 9. d3 Bb6 10. Bd2 Bg4 11. Bc3 Qe6 12. b4 Nd4 13. Bxd4 Bxd4 14. Nxd4 exd4 15. Re1 c6 16. a4 Bh3 17. Bf3 Bg4 18. Bxg4 Qxg4 19. e4 Qxd1 20. Rexd1 f5 21. Re1 f4 22. a5 a6 23. Rac1 fxg3 24. hxg3 Rf3 25. Red1 g5 26. Rc5 h6 27. Kg2 Raf8 28. Rd2 g4 29. Rh5 R3f6 30. Rh4 Rg6 31. Rc2 Kh7 32. Rc4 Rd8 33. Rc5 Rf8 34. Kf1 Rgf6 35. Rh2 Kg6 36. Ke1 R8f7 37. Rch5 Kg7 38. Re5 Kh7 39. Re8 Rc7 40. Re5 Rcf7 41. Ke2 Rc7 42. Rg5 b6 43. axb6 Rb7 44. Rxg4 Rxb6 45. Rh1 c5 46. e5 Rfe6 47. f4 cxb4 48. Kf3 b3 49. Ke4 b2 50. f5 Re8 51. Rb1 a5 52. Rg6 Rxg6 53. fxg6+ Kxg6 54. Rxb2 Ra8 55. Kxd4 a4 56. Ke4 a3 57. Ra2 Ra4+ 58. d4 h5 59. Kd5 Kf5 60. Rf2+ Kg5 61. Ra2 Kf5 62. Rf2+ {[%emt 0:00:52] Kxe5+ Ke4+} 1/2-1/2

[Event "Biel Master Tournament 2019"]
[Site "Biel"]
[Date "2019.07.24"]
[Round "3.13"]
[White "Santos Latasa, Jaime"]
[Black "Rahul Srivatshav, Peddi"]
[Result "1-0"]
[ECO "B47"]
[WhiteElo "2594"]
[BlackElo "1978"]
[Annotator "RC"]
[PlyCount "97"]
[EventDate "2019.07.20"]
[EventType "swiss"]
[EventCountry "SUI"]
[SourceTitle "playchess.com"]
[Source "ChessBase"]
[SourceQuality "1"]
[TimeControl "40/5400+30:1800+30"]

1. e4 c5 2. Nf3 e6 3. d4 cxd4 4. Nxd4 Nc6 5. Nc3 Qc7 6. g3 a6 7. Bg2 Nf6 8. O-O Nxd4 9. Qxd4 Bc5 10. Bf4 d6 11. Qd2 h6 12. Rad1 e5 13. Be3 Bb4 14. Nb5 axb5 15. Qxb4 Rxa2 16. Rxd6 O-O 17. Rd2 Be6 18. Rfd1 Qc4 19. Qxc4 bxc4 20. c3 Rfa8 21. f3 R8a5 22. Bf1 Kf8 23. h4 Ke8 24. Bb6 Rb5 25. Bc7 Rbxb2 26. Rd8+ Ke7 27. Rb8 Rd2 28. Rxd2 Rxd2 29. Bxe5 Rb2 30. Bd4 Nh5 31. g4 Ng3 32. Bf2 Nxf1 33. Kxf1 Rb5 34. Be3 f6 35. Kf2 Bd7 36. h5 Kf7 37. Kg3 Ke7 38. Bd4 Kf7 39. Kf4 Ke7 40. Ra8 Kf7 41. Kg3 Ke7 42. Be3 Kf7 43. Kf4 Ke7 44. Bc1 Kf7 45. Ba3 Re5 46. Rf8+ Ke6 47. Bb4 Rb5 48. Ke3 Rg5 49. Rd8 1-0

[Event "Biel Master Tournament 2019"]
[Site "Biel"]
[Date "2019.07.24"]
[Round "3.14"]
[White "Vaibhav, Suri"]
[Black "Pranav Anand"]
[Result "1-0"]
[ECO "E90"]
[WhiteElo "2591"]
[BlackElo "2347"]
[Annotator "ChessBase"]
[PlyCount "101"]
[EventDate "2019.07.20"]
[EventType "swiss"]
[EventCountry "SUI"]
[SourceTitle "playchess.com"]
[Source "ChessBase"]
[SourceQuality "1"]
[TimeControl "40/5400+30:1800+30"]

1. c4 Nf6 2. Nc3 g6 3. e4 d6 4. d4 Bg7 5. Nf3 O-O 6. h3 e5 7. d5 Nh5 8. g3 f5 9. exf5 gxf5 10. Nh4 Nf4 11. gxf4 Qxh4 12. Rg1 Re8 13. Qf3 Kh8 14. Be2 e4 15. Qe3 Na6 16. b3 Bf6 17. Bb2 Bd7 18. O-O-O Rg8 19. Kb1 Nc5 20. b4 Na4 21. Nxa4 Bxa4 22. Rc1 Bxb2 23. Kxb2 Qf6+ 24. Qc3 Qxc3+ 25. Kxc3 Bd7 26. c5 a5 27. Rxg8+ Kxg8 28. cxd6 cxd6 29. Kb2 axb4 30. Rc7 Ba4 31. Bh5 Be8 32. Bxe8 Rxe8 33. Rxb7 e3 34. fxe3 Rxe3 35. Rxb4 Rxh3 36. a4 Rd3 37. Rb5 Rd4 38. Kb3 Rxf4 39. a5 Rf3+ 40. Ka4 Rf1 41. Rb3 Ra1+ 42. Ra3 Rc1 43. a6 Kf7 44. a7 Rc8 45. Kb5 Ra8 46. Kc6 f4 47. Kb7 Re8 48. a8=Q Rxa8 49. Rxa8 h5 50. Kc6 Kf6 51. Kxd6 1-0

[Event "Biel Master Tournament 2019"]
[Site "Biel"]
[Date "2019.07.24"]
[Round "3.15"]
[White "Dhulipalla Bala Chandra Prasad"]
[Black "Lalith Babu M R"]
[Result "1/2-1/2"]
[ECO "A14"]
[WhiteElo "2419"]
[BlackElo "2580"]
[Annotator "ChessBase"]
[PlyCount "93"]
[EventDate "2019.07.20"]
[EventType "swiss"]
[EventCountry "SUI"]
[SourceTitle "playchess.com"]
[Source "ChessBase"]
[SourceQuality "1"]
[TimeControl "40/5400+30:1800+30"]

1. Nf3 Nf6 2. c4 c5 3. g3 b6 4. Bg2 Bb7 5. O-O e6 6. b3 Be7 7. Bb2 O-O 8. Nc3 d5 9. e3 Nbd7 10. Qe2 dxc4 11. bxc4 Ne4 12. Nxe4 Bxe4 13. d3 Bc6 14. Nd2 Bxg2 15. Kxg2 Qc7 16. Ne4 Rfd8 17. f4 b5 18. f5 exf5 19. Rxf5 bxc4 20. Qg4 f6 21. dxc4 Qc6 22. Raf1 Qe6 23. R1f2 Re8 24. Nc3 Ne5 25. Qe4 g6 26. Rxe5 Qxe5 27. Qxe5 fxe5 28. Nd5 Bd8 29. Ba3 Rc8 30. Rb2 Re6 31. Rb7 Ra6 32. Bb2 Rxa2 33. Kf3 h5 34. h3 Ra4 35. Bxe5 a5 36. Bf6 Kf8 37. Ke4 Rxc4+ 38. Ke5 Rb4 39. Rh7 Bxf6+ 40. Nxf6 Rc6 41. Rd7 Rb8 42. Ra7 Rbc8 43. Nh7+ Ke8 44. Nf6+ Kf8 45. Nh7+ Ke8 46. Nf6+ Kf8 47. Ke4 1/2-1/2

[Event "Biel Master Tournament 2019"]
[Site "Biel"]
[Date "2019.07.24"]
[Round "3.16"]
[White "Sukandar, Irine Kharisma"]
[Black "Aryan, Chopra"]
[Result "1/2-1/2"]
[ECO "B90"]
[WhiteElo "2396"]
[BlackElo "2553"]
[Annotator "ChessBase"]
[PlyCount "110"]
[EventDate "2019.07.20"]
[EventType "swiss"]
[EventCountry "SUI"]
[SourceTitle "playchess.com"]
[Source "ChessBase"]
[SourceQuality "1"]
[TimeControl "40/5400+30:1800+30"]

1. e4 c5 2. Nf3 d6 3. d4 cxd4 4. Nxd4 Nf6 5. Nc3 a6 6. f3 e5 7. Nb3 Be6 8. Be3 h5 9. Nd5 Bxd5 10. exd5 Nbd7 11. Qd2 g6 12. Be2 Bg7 13. O-O b6 14. c4 O-O 15. Rac1 Nh7 16. Na1 a5 17. Nc2 Nc5 18. Na3 f5 19. Qc2 Re8 20. Nb5 Bf6 21. b3 Bg5 22. Bxg5 Nxg5 23. a3 Nf7 24. b4 Na6 25. Qb3 h4 26. Kh1 Kg7 27. Qc3 Nc7 28. Qe3 Nxb5 29. cxb5 axb4 30. axb4 Re7 31. Rc6 Rb7 32. Rfc1 Nh6 33. Qc3 Nf7 34. Qe3 Ra2 35. Bc4 Ra4 36. Bf1 Ra8 37. Kg1 Kh7 38. Qf2 Kg7 39. R6c4 f4 40. Qc2 Qg5 41. Rc8 Ra3 42. Qc6 Re7 43. Qxb6 e4 44. Qd4+ Ne5 45. R8c7 Kh6 46. Qb2 Rxc7 47. Rxc7 Rxf3 48. b6 e3 49. Rc2 Rh3 50. Kh1 Rxh2+ 51. Kxh2 Qg3+ 52. Kh1 Ng4 53. Qh8+ Kg5 54. Qd8+ Kh5 55. Qh8+ Kg5 1/2-1/2

[Event "Biel Master Tournament 2019"]
[Site "Biel"]
[Date "2019.07.24"]
[Round "3.17"]
[White "Epishin, Vladimir"]
[Black "Kamber, Bruno"]
[Result "1/2-1/2"]
[ECO "B06"]
[WhiteElo "2549"]
[BlackElo "2299"]
[Annotator "ChessBase"]
[PlyCount "103"]
[EventDate "2019.07.20"]
[EventType "swiss"]
[EventCountry "SUI"]
[SourceTitle "playchess.com"]
[Source "ChessBase"]
[SourceQuality "1"]
[TimeControl "40/5400+30:1800+30"]

1. d4 g6 2. e4 Bg7 3. Nf3 Nc6 4. Bc4 d6 5. O-O Nf6 6. d5 Nb8 7. e5 dxe5 8. Nxe5 O-O 9. Nc3 c6 10. dxc6 Nxc6 11. Qxd8 Nxd8 12. Rd1 Bf5 13. Bb3 Ne4 14. Nxe4 Bxe5 15. Nc5 Bd6 16. Be3 Rc8 17. Nd3 Nc6 18. c3 Rfd8 19. Bc2 Ne5 20. Nxe5 Bxc2 21. Rd2 Ba4 22. Rd4 Bc2 23. f4 f6 24. Nc4 Bc7 25. Rxd8+ Rxd8 26. g3 b6 27. Kf2 Kf7 28. Rc1 Be4 29. Nd2 Bf5 30. Nf3 Bg4 31. c4 h6 32. h4 Rd3 33. Ne1 Rd7 34. b4 Rd1 35. Rxd1 Bxd1 36. Nf3 Ke6 37. Nd4+ Kd7 38. Nb5 a6 39. Nc3 Bg4 40. b5 axb5 41. cxb5 Be6 42. a4 Bb3 43. Bd4 Bd6 44. Bxb6 Bb4 45. Bd4 Bxc3 46. Bxc3 Bxa4 47. b6 Bc6 48. g4 Ke6 49. Ke3 h5 50. gxh5 gxh5 51. Bb4 Bb7 52. Kd4 1/2-1/2

[Event "Biel Master Tournament 2019"]
[Site "Biel"]
[Date "2019.07.24"]
[Round "3.19"]
[White "Karavade, Eesha"]
[Black "Gukesh D"]
[Result "0-1"]
[ECO "B31"]
[WhiteElo "2355"]
[BlackElo "2520"]
[Annotator "ChessBase"]
[PlyCount "108"]
[EventDate "2019.07.20"]
[EventType "swiss"]
[EventCountry "SUI"]
[SourceTitle "playchess.com"]
[Source "ChessBase"]
[SourceQuality "1"]
[TimeControl "40/5400+30:1800+30"]

1. e4 c5 2. Nf3 Nc6 3. Bb5 g6 4. Bxc6 dxc6 5. d3 Bg7 6. h3 Nf6 7. Nc3 Nd7 8. Be3 e5 9. Qd2 h6 10. O-O b6 11. Nh2 Nf8 12. f4 exf4 13. Bxf4 Ne6 14. Be3 Nd4 15. Rae1 Be6 16. e5 Nf5 17. Ng4 Nxe3 18. Qxe3 Bxg4 19. hxg4 O-O 20. Qf4 Qc7 21. g5 hxg5 22. Qxg5 Rae8 23. Ne4 Qxe5 24. Nf6+ Bxf6 25. Rxe5 Bxg5 26. Rxg5 Re2 27. Rf2 Re1+ 28. Rf1 Rfe8 29. Rg4 R8e2 30. Rc4 Rxf1+ 31. Kxf1 Rd2 32. a3 a5 33. Rc3 Rd1+ 34. Ke2 Rg1 35. Kf3 Rb1 36. b3 Rf1+ 37. Ke2 Rf4 38. Ke3 Rg4 39. Kf3 Rd4 40. b4 axb4 41. axb4 Rxb4 42. Ra3 c4 43. d4 Rb2 44. Ra6 Kf8 45. g4 b5 46. Rxc6 Rxc2 47. Rb6 Rb2 48. Rc6 Ke7 49. g5 Kd7 50. Rc5 Rb3+ 51. Kf4 c3 52. Ke5 b4 53. Kd5 Rb1 54. Rc4 Rg1 0-1

[Event "Biel Master Tournament 2019"]
[Site "Biel"]
[Date "2019.07.24"]
[Round "3.20"]
[White "Shyam, Sundar M."]
[Black "Samant Aditya S"]
[Result "1/2-1/2"]
[ECO "B58"]
[WhiteElo "2520"]
[BlackElo "2296"]
[Annotator "ChessBase"]
[PlyCount "100"]
[EventDate "2019.07.20"]
[EventType "swiss"]
[EventCountry "SUI"]
[SourceTitle "playchess.com"]
[Source "ChessBase"]
[SourceQuality "1"]
[TimeControl "40/5400+30:1800+30"]

1. e4 c5 2. Nf3 d6 3. d4 cxd4 4. Nxd4 Nf6 5. Nc3 Nc6 6. Be2 e5 7. Nxc6 bxc6 8. Qd3 Be7 9. O-O O-O 10. Qg3 Rb8 11. b3 Be6 12. f4 Kh8 13. Kh1 Qc7 14. Bd2 Rfd8 15. Rad1 Rbc8 16. b4 Rb8 17. a3 a5 18. bxa5 Rb2 19. a6 Rxc2 20. Qd3 Rb2 21. f5 Bb3 22. Rb1 Bc2 23. Rxb2 Bxd3 24. Bxd3 Ra8 25. Rb7 Qd8 26. a7 d5 27. Rfb1 Bd6 28. exd5 cxd5 29. Nb5 Bc5 30. Bb4 Bxa7 31. Nxa7 e4 32. Bf1 d4 33. Nb5 Qd5 34. Nd6 d3 35. Nxf7+ Kg8 36. Bd2 h6 37. Bc3 Ng4 38. Nxh6+ Nxh6 39. Rxg7+ Kf8 40. f6 Nf7 41. g3 d2 42. Bb4+ Nd6 43. Be2 e3+ 44. Kg1 Rc8 45. Rd1 Rc1 46. Rd7 Rxd1+ 47. Bxd1 e2 48. Bxe2 d1=Q+ 49. Bxd1 Qxd1+ 50. Kf2 Qd5 1/2-1/2

[Event "Biel Master Tournament 2019"]
[Site "Biel"]
[Date "2019.07.25"]
[Round "4.6"]
[White "Gopal G.N."]
[Black "Keymer, Vincent"]
[Result "1/2-1/2"]
[ECO "B90"]
[WhiteElo "2594"]
[BlackElo "2513"]
[Annotator "ChessBase"]
[PlyCount "127"]
[EventDate "2019.07.20"]
[EventType "swiss"]
[EventCountry "SUI"]
[SourceTitle "playchess.com"]
[Source "ChessBase"]
[SourceQuality "1"]
[TimeControl "40/5400+30:1800+30"]

1. e4 c5 2. Nf3 d6 3. d4 cxd4 4. Nxd4 Nf6 5. Nc3 a6 6. Be3 e5 7. Nf3 Be7 8. Bc4 Be6 9. Bb3 Nbd7 10. O-O Rc8 11. Qe2 Qc7 12. Rfd1 Qc6 13. Bg5 O-O 14. Rac1 Qb6 15. h3 Qb4 16. Nd2 h6 17. Bxf6 Bxf6 18. a3 Qc5 19. Nf3 Nb6 20. Nd5 Bd8 21. c3 Nc4 22. a4 b5 23. Ra1 f5 24. axb5 axb5 25. Ra6 Kh8 26. Bxc4 bxc4 27. Ne3 Be7 28. exf5 Bxf5 29. Rd5 Bd3 30. Rxc5 Bxe2 31. Rxc8 Rxc8 32. Nf5 Bf6 33. Nxd6 Rb8 34. Ne4 Rxb2 35. Nxf6 gxf6 36. Rxf6 Kg7 37. Rc6 Rb1+ 38. Kh2 Rb5 39. Kg3 Rd5 40. Re6 Rd3 41. Rxe5 Bxf3 42. gxf3 Rxc3 43. Rc5 Rc2 44. f4 c3 45. Kf3 Rc1 46. Kg4 Kf6 47. Rc6+ Ke7 48. Kf5 Kd7 49. Rc4 Kd6 50. Kf6 Kd5 51. Rc8 Kd4 52. f5 Rf1 53. Kg7 Rxf2 54. f6 Rg2+ 55. Kxh6 Rh2 56. f7 Rxh3+ 57. Kg5 Rf3 58. f8=Q Rxf8 59. Rxf8 c2 60. Rc8 Kd3 61. Kf4 Kd2 62. Ke4 c1=Q 63. Rxc1 Kxc1 64. Kd5 1/2-1/2

[Event "Biel Master Tournament 2019"]
[Site "Biel"]
[Date "2019.07.25"]
[Round "4.8"]
[White "Stany, G.A."]
[Black "Santos Latasa, Jaime"]
[Result "1/2-1/2"]
[ECO "B57"]
[WhiteElo "2525"]
[BlackElo "2594"]
[Annotator "ChessBase"]
[PlyCount "55"]
[EventDate "2019.07.20"]
[EventType "swiss"]
[EventCountry "SUI"]
[SourceTitle "playchess.com"]
[Source "ChessBase"]
[SourceQuality "1"]
[TimeControl "40/5400+30:1800+30"]

1. e4 c5 2. Nf3 d6 3. d4 cxd4 4. Nxd4 Nf6 5. Nc3 a6 6. Bd3 e6 7. f4 Qc7 8. a4 Nc6 9. Nb3 b6 10. O-O Be7 11. Be3 O-O 12. Qf3 Rb8 13. Kh1 Re8 14. Rae1 Bb7 15. Qh3 Nb4 16. Nd4 Nd7 17. Bg1 Bf8 18. Re3 Nc6 19. Nxc6 Qxc6 20. e5 h6 21. Ne4 dxe5 22. fxe5 Nxe5 23. Nf6+ gxf6 24. Rg3+ Bg7 25. Rxf6 Nxd3 26. Rxg7+ Kxg7 27. Qxh6+ Kg8 28. Rg6+ 1/2-1/2

[Event "Biel Master Tournament 2019"]
[Site "Biel"]
[Date "2019.07.25"]
[Round "4.9"]
[White "Petrosyan, Manuel"]
[Black "Bewersdorff, Oliver"]
[Result "1-0"]
[ECO "D90"]
[WhiteElo "2592"]
[BlackElo "2258"]
[Annotator "ChessBase"]
[PlyCount "43"]
[EventDate "2019.07.20"]
[EventType "swiss"]
[EventCountry "SUI"]
[SourceTitle "playchess.com"]
[Source "ChessBase"]
[SourceQuality "1"]
[TimeControl "40/5400+30:1800+30"]

1. d4 Nf6 2. c4 g6 3. Nc3 d5 4. Nf3 Bg7 5. h4 c6 6. cxd5 cxd5 7. Bf4 Nc6 8. e3 O-O 9. Qb3 a6 10. Rc1 Na5 11. Qa3 Be6 12. Be2 h6 13. Ne5 Rc8 14. O-O Nc6 15. Nd3 Nd7 16. Bg3 Bf5 17. Nxd5 Re8 18. Bc7 Rxc7 19. Nxc7 Qxc7 20. d5 Ndb8 21. dxc6 Nxc6 22. Nb4 1-0

[Event "Biel Master Tournament 2019"]
[Site "Biel"]
[Date "2019.07.25"]
[Round "4.10"]
[White "Gukesh D"]
[Black "Vaibhav, Suri"]
[Result "1-0"]
[ECO "E15"]
[WhiteElo "2520"]
[BlackElo "2591"]
[Annotator "ChessBase"]
[PlyCount "71"]
[EventDate "2019.07.20"]
[EventType "swiss"]
[EventCountry "SUI"]
[SourceTitle "playchess.com"]
[Source "ChessBase"]
[SourceQuality "1"]
[TimeControl "40/5400+30:1800+30"]

1. d4 Nf6 2. c4 e6 3. Nf3 b6 4. g3 Ba6 5. Qc2 c5 6. d5 exd5 7. cxd5 Bb7 8. Bg2 Nxd5 9. O-O Nc6 10. a3 Be7 11. Rd1 Nf6 12. e4 O-O 13. Nc3 Ne8 14. Nd5 Nc7 15. b3 d6 16. Ne3 Re8 17. Nf5 Bf8 18. Bf4 Re6 19. Ng5 Rg6 20. Nxd6 Bxd6 21. e5 Nb5 22. Nxf7 Kxf7 23. Qc4+ Kf8 24. Qxb5 Nd4 25. Rxd4 Bxg2 26. Rxd6 Rxd6 27. exd6 Bh3 28. Re1 Qf6 29. Qc6 Rc8 30. Qe4 h6 31. Be5 Qf7 32. Qh7 Qg8 33. Qe4 Qxb3 34. g4 Kg8 35. d7 Rd8 36. Bf6 1-0